 Seeded DCSS version 0.30-a0-292-g0f741e3f8e (webtiles) character file.

Game seed: 9700494114414739991 (custom seed)

9 valliere the Sneak (level 2, 13/13 HPs)
             Began as a Spriggan Enchanter on Oct 17, 2022.
             Quit the game on level 1 of the Dungeon.
             The game lasted 00:02:26 (156 turns).

valliere the Sneak (Spriggan Enchanter)              Turns: 156, Time: 00:02:26

Health: 13/13      AC:  2    Str:  7    XL:     2   Next: 6%
Magic:  6/15       EV: 17    Int: 13    God:
Gold:   1320       SH:  0    Dex: 15    Spells: 4/6 levels left

rFire   . . .      SeeInvis +    a - +1 dagger
rCold   + . .      Faith    .    (no shield)
rNeg    + . .      Spirit   .    b - +0 robe
rPois   .          Reflect  .    (helmet restricted)
rElec   .          Harm     .    (no cloak)
rCorr   .          Rampage  .    (gloves unavailable)
Will    .....                    (boots unavailable)
Stlth   +++.......               e - amulet "Lisizeu" {RegenMP rN+ MP+9 Str+3 Int-3}
HPRegen 0.22/turn                d - ring of protection from cold
MPRegen 0.54/turn                (no ring)

@: very quick
A: very small, no large weapons, unfitting armour, see invisible, speed 3
a: no special abilities


You were on level 1 of the Dungeon.
You visited 1 branch of the dungeon, and saw 1 of its levels.

You collected 1320 gold pieces.

Inventory:

Hand Weapons
 a - a +1 dagger (weapon)
Armour
 b - a +0 robe (worn)
Jewellery
 d - a ring of protection from cold (left hand)
 e - the amulet "Lisizeu" (around neck) {RegenMP rN+ MP+9 Str+3 Int-3}
   (You acquired it on level 1 of the Dungeon)

   [amulet of magic regeneration]

   It increases your rate of magic regeneration.
   Str:       It affects your strength (+3).
   Int:       It affects your intelligence (-3).
   rN:        It protects you from negative energy.
   MP:        It affects your magic capacity (+9).
Potions
 c - 2 potions of invisibility


   Skills:
 + Level 0.2 Fighting
 * Level 1.5 Short Blades
 + Level 2.8 Dodging
 * Level 4.7 Stealth
 - Level 2.6 Spellcasting
 + Level 3.7 Hexes


You had 4 spell levels left.
You knew the following spells:

 Your Spells              Type           Power      Damage    Failure   Level
a - Ensorcelled Hibernat  Hex/Ice        12%        N/A       17%         2

Your spell library contained the following spells:

 Spells                   Type           Power      Damage    Failure   Level
 Confusing Touch          Hex            11%        N/A       16%         3
 Tukima's Dance           Hex            11%        N/A       16%         3
 Dazzling Flash           Conj/Hex       12%        N/A       32%         3
 Blink                    Tloc           2%         N/A       34%         2
 Momentum Strike          Conj/Tloc      2%         3d8       34%         2
 Lesser Beckoning         Tloc           2%         N/A       56%         3


Dungeon Overview and Level Annotations

Branches:
Dungeon (1/15)

Altars:


Innate Abilities, Weirdness & Mutations

You are very small and have problems with some larger weapons.
You are too small for most types of armour.
You have supernaturally acute eyesight. (SInv)
You cover ground extremely quickly. (Speed+++)


Message History

The quokka is severely wounded.
The quokka twitches its whiskers.
The quokka completely misses you.
You barely miss the quokka.
The quokka is severely wounded.
The quokka barely misses you.
You barely miss the quokka.
The quokka is severely wounded.
The quokka misses you.
You closely miss the quokka.
The quokka is severely wounded.
The quokka closely misses you.
You hit the quokka.
The quokka is almost dead.
The quokka bites you but does no damage.
You hit the quokka.
You kill the quokka!
You see here a giant cockroach corpse.
There is a stone staircase leading down here.
Things that are here:
a +0 short sword; 3 stones; a +0 club
Found a scroll labelled SOBIGA CILL.
Found an escape hatch in the floor.
Found 3 scrolls labelled JIHAUBBOLL.
e - 3 scrolls labelled JIHAUBBOLL This is a scroll of acquirement!
Something appears at your feet!
You see here a book of Spatial Translocations.
Something appears at your feet! Something appears at your feet!
e - the amulet "Lisizeu" {RegenMP rN+ MP+9 Str+3 Int-3} You pick up a book of Spatial Translocations and begin reading...
You add the spells Blink, Momentum Strike and Lesser Beckoning to your library.
You now have 1320 gold pieces.
You start putting on your amulet.
You continue putting on the amulet "Lisizeu" {RegenMP rN+ MP+9 Str+3 Int-3}. x5
You finish putting on the amulet "Lisizeu" {RegenMP rN+ MP+9 Str+3 Int-3}.
You feel stronger.
You feel stupid.
e - the amulet "Lisizeu" (around neck) {RegenMP rN+ MP+9 Str+3 Int-3} Are you sure you want to abandon this character and quit the game? (Confirm with "yes".)

# #. #. #.# #..##
#..# # #@# #.## #.#
#.# ...# #.# . .....#
...#.# .......# #.#.#
.#...... #...#
.......#######.#.## .
#. #..............# .
#.##.......###>?....#


There were no monsters in sight!

Vanquished Creatures
  A dart slug (D:1)
  A giant cockroach (D:1)
  A goblin (D:1)
  2 kobolds (D:1)
  A quokka (D:1)
6 creatures vanquished.

Vanquished Creatures (others)
  A plant (D:1)
1 creature vanquished.

Grand Total: 7 creatures vanquished

Notes
Turn   | Place    | Note
-------+----------+-------------------------------------------
     0 | D:1      | valliere the Spriggan Enchanter began the quest for the
                  | Orb.
     0 | D:1      | Reached XP level 1. HP: 9/9 MP: 5/5
    85 | D:1      | Reached XP level 2. HP: 8/13 MP: 6/6
    88 | D:1      | Learned a level 2 spell: Ensorcelled Hibernation
   147 | D:1      | Identified 3 scrolls of acquirement
   147 | D:1      | Acquired 1320 gold pieces
   148 | D:1      | Acquired a book of Spatial Translocations
   149 | D:1      | Acquired the amulet "Lisizeu" {RegenMP rN+ MP+9 Str+3
                  | Int-3}
   156 | D:1      | Quit the game

Illustrated notes

Levels and vault maps discovered:
D:1:      minmay_arrival_three_doors, layout_rooms, minmay_lizard_king

Action                   || total
-------------------------++-------
Melee: Dagger            ||    45
  Use: Scroll            ||     3
Armor: Robe              ||     7
Dodge: Dodged            ||    34

Table legend: (Time is in decaauts)
 A = Elapsed time spent in this place.
 B = Non-inter-level travel time spent in this place.
 C = Inter-level travel time spent in this place.
 D = Time resting spent in this place.
 E = Time spent auto-exploring this place.
 F = Levels seen in this place.
 G = Mean time per level.
                   A        B        C        D        E       F      G
               +--------+--------+--------+--------+--------+-----+--------+
         Total |    120 |    120 |      0 |      0 |     24 |   1 |  120.0 |
       Dungeon |    120 |    120 |      0 |      0 |     24 |   1 |  120.0 |
               +--------+--------+--------+--------+--------+-----+--------+

Top non-repeatable levels by time:
     D:1: 120 daAuts
